 Dungeon Crawl Stone Soup version 0.28-a0-1510-gd0f6b136d3 (webtiles) character file.

Game seed: 1850001875274531147

2 psuckher the Caller (level 1, 0/14 HPs)
             Began as a Draconian Summoner on Jan 14, 2022.
             Slain by a hobgoblin (1 damage)
             ... on level 1 of the Dungeon.
             The game lasted 00:00:24 (42 turns).

psuckher the Caller (Draconian Summoner)              Turns: 42, Time: 00:00:24

Health: 0/14       AC:  4    Str: 10    XL:     1   Next: 33%
Magic:  3/3        EV: 12    Int: 15    God:
Gold:   0          SH:  0    Dex: 11    Spells: 3/4 levels left

rFire   . . .      SeeInvis .   (no weapon)
rCold   . . .      Faith    .   (no shield)
rNeg    . . .      Spirit   .   (armour unavailable)
rPois   .          Reflect  .   (helmet restricted)
rElec   .          Harm     .   (no cloak)
rCorr   .          Rampage  .   (no gloves)
Will    .....                   (no boots)
Stlth   ++........              (no amulet)
HPRegen 0.04/turn               (no ring)
MPRegen 0.08/turn               (no ring)

@: no status effects
A: AC +4, unfitting armour, cold-blooded
a: no special abilities


You were on level 1 of the Dungeon.
You visited 1 branch of the dungeon, and saw 1 of its levels.

You aren't carrying anything.


   Skills:
 + Level 1.7 Dodging
 + Level 1.9 Stealth
 + Level 2.0 Spellcasting
 + Level 4.0 Summonings


You had 3 spell levels left.
You knew the following spells:

 Your Spells              Type           Power      Damage    Failure   Level
a - Summon Small Mammal   Summ           52%        N/A       4%          1

Your spell library contained the following spells:

 Spells                   Type           Power      Damage    Failure   Level
 Call Imp                 Summ           13%        N/A       6%          2
 Call Canine Familiar     Summ           13%        N/A       13%         3
 Summon Guardian Golem    Hex/Summ       7%         N/A       28%         3
 Summon Lightning Spire   Summ/Air       7%         N/A       67%         4


Dungeon Overview and Level Annotations

Branches:
Dungeon (1/15)

Altars:


Innate Abilities, Weirdness & Mutations

Your plain brown scales are hard. (AC +4)
You cannot fit into any form of body armour.
You are cold-blooded and may be slowed by cold attacks.


Message History

You hear an angry hiss.
The bat barely misses you.
The jackal bites you but does no damage.
The goblin hits you but does no damage.
It was a potion of magic.
Magic courses through your body. The jackal misses you.
A kobold comes into view. It is wielding a +0 short sword.
The bat barely misses you. The jackal closely misses you.
The goblin hits you but does no damage.
You hit the goblin.
You kill the goblin!
The bat hits you but does no damage.
The jackal bites you but does no damage.
You closely miss the kobold.
The jackal bites you but does no damage.
A hobgoblin comes into view.
The kobold barely misses you. The jackal closely misses you. x2
You closely miss the kobold.
The jackal bites you but does no damage.
The kobold hits you with a +0 short sword.
* * * LOW HITPOINT WARNING * * *
The jackal bites you but does no damage.
You closely miss the kobold.
The kobold hits you with a +0 short sword.
* * * LOW HITPOINT WARNING * * *
The jackal bites you but does no damage.
The jackal barely misses you.
Okay, then.
The jackal bites you.
* * * LOW HITPOINT WARNING * * *
The jackal bites you but does no damage.
The jackal barely misses you.
The jackal bites you but does no damage.
The bat closely misses you. The jackal closely misses you.
The bat barely misses you. The bat hits you but does no damage.
You miss the bat.
Your tail-slap misses the bat.
The bat closely misses you. The jackal completely misses you.
The jackal bites you.
* * * LOW HITPOINT WARNING * * *
The bat closely misses you. The jackal misses you. The hobgoblin hits you.
You die...

.# #♣♣#♣♣♣ #.#.#
♣<.♣..♣♣#...#
♣......♣♣...#
♣#......♣...#
♣♣......♣.#.# #
♣.b♣.♣....#.#.#
♣..g⌠.K...#...####
♣.@♣.♣.....)......
♣.hh...K♣##..>....
♣...h...♣ .#.....
♣♣.....♣♣ .. .###
♣♣...♣♣ .## #
♣♣♣♣♣ ##


You could see 3 jackals, a hobgoblin, a bat and 2 kobolds.

Vanquished Creatures
  An endoplasm (D:1)
  A goblin (D:1)
2 creatures vanquished.

Notes
Turn   | Place    | Note
-------+----------+-------------------------------------------
     0 | D:1      | psuckher the Draconian Summoner began the quest for the
                  | Orb.
     0 | D:1      | Reached XP level 1. HP: 14/14 MP: 3/3
    42 | D:1      | Slain by a hobgoblin

Illustrated notes

Levels and vault maps discovered:
D:1:      amcnicky_arrival_underground_garden, layout_basic,
          shapermc_ecumenical_altar_mp_highgroup

Action                   || total
-------------------------++-------
Melee: Unarmed           ||    14
       Tailslap          ||     1
  Use: Potion            ||     1
Armor: Skin              ||    14
Dodge: Dodged            ||    22

Table legend: (Time is in decaauts)
 A = Elapsed time spent in this place.
 B = Non-inter-level travel time spent in this place.
 C = Inter-level travel time spent in this place.
 D = Time resting spent in this place.
 E = Time spent auto-exploring this place.
 F = Levels seen in this place.
 G = Mean time per level.
                   A        B        C        D        E       F      G
               +--------+--------+--------+--------+--------+-----+--------+
         Total |     43 |     43 |      0 |      0 |      0 |   1 |   43.0 |
       Dungeon |     43 |     43 |      0 |      0 |      0 |   1 |   43.0 |
               +--------+--------+--------+--------+--------+-----+--------+

Top non-repeatable levels by time:
     D:1: 43 daAuts
